 Dungeon Crawl Stone Soup version 0.26-b1-59-ge38874ec40 (webtiles) character file.

Game seed: 15043736074984023849

93 roke1 the Sneak (level 4, -10/22 HPs)
             Began as a Spriggan Enchanter on Jan 8, 2021.
             Mangled by an ogre
             ... wielding a +0 giant club
              (32 damage)
             ... on level 2 of the Dungeon.
             The game lasted 00:10:34 (3308 turns).

roke1 the Sneak (Spriggan Enchanter)                Turns: 3308, Time: 00:10:35

Health: -10/22     AC:  3    Str:  5    XL:     4   Next: 37%
Magic:  0/9        EV: 19    Int: 16    God:
Gold:   75         SH:  0    Dex: 16    Spells: 3/9 levels left

rFire    . . .     SeeInvis +   a - +1 dagger
rCold    + . .     Faith    .   (shield restricted)
rNeg     . . .     Spirit   .   o - +1 robe {rC+}
rPois    .         Reflect  .   (helmet restricted)
rElec    .         Harm     .   (no cloak)
rCorr    .         Rampage  .   (gloves unavailable)
Will     .....                  (boots unavailable)
Stlth    +++.......             (no amulet)
HPRegen  0.07/turn              (no ring)
MPRegen  0.11/turn              (no ring)

@: very quick
A: very small, unfitting armour, see invisible, speed 3
a: no special abilities


You were on level 2 of the Dungeon.
You visited 1 branch of the dungeon, and saw 2 of its levels.

You collected 75 gold pieces.

Inventory:

Hand Weapons
 a - a +1 dagger (weapon)
 h - a +2 short sword of venom
Armour
 o - a +1 robe of cold resistance (worn)
Scrolls
 e - 5 scrolls of amnesia {unknown}
 f - a scroll of remove curse {unknown}
 g - 3 scrolls of identify {unknown}
 i - 3 scrolls of magic mapping {unknown}
 j - a scroll of fog {unknown}
 m - 2 scrolls of immolation {unknown}
Potions
 b - a potion of might {unknown}
 c - a potion of heal wounds {unknown}
 d - a potion of brilliance {unknown}
 k - a potion of magic {unknown}
 l - 2 potions of flight {unknown}
 n - 2 potions of curing {unknown}


   Skills:
 + Level 1.0 Fighting
 - Level 1.1 Short Blades
 + Level 3.9 Dodging
 + Level 5.1 Stealth
 + Level 3.2 Spellcasting
 * Level 4.8 Hexes


You had 3 spell levels left.
You knew the following spells:

 Your Spells              Type           Power        Failure   Level
a - Corona                Hex            20%          2%          1
b - Ensorcelled Hibernat  Hex/Ice        20%          11%         2
c - Confusing Touch       Hex            18%          8%          3

Your spell library contained the following spells:

 Spells                   Type           Power        Failure   Level
 Tukima's Dance           Hex            18%          8%          3
 Dazzling Flash           Conj/Hex       20%          21%         3


Dungeon Overview and Level Annotations

Branches:
Dungeon (2/15)

Altars:


Innate Abilities, Weirdness & Mutations

You are very small and have problems with some larger weapons.
You are too small for most types of armour.
You have supernaturally acute eyesight. (SInv)
You cover ground extremely quickly.


Message History

There's nothing to open nearby.
Unknown command.
Unknown command.
Casting: Ensorcelled Hibernation (safe; 11% risk of failure)
Confirm with . or Enter, or press ? or * to list all spells.
The spell is quite dangerous to cast (8% risk of failure)!
Continue anyway?
Your hands begin to glow red.
The ogre barely misses you.
You hit the ogre but do no damage.
The ogre is severely wounded.
You hit the ogre but do no damage.
The ogre is severely wounded.
The ogre misses you.
You hit the ogre but do no damage.
The ogre appears confused.
The ogre is severely wounded.
The ogre cries.
You hit the ogre.
The ogre is almost dead.
The ogre hits you with a +0 giant club!!
Ouch! That really hurt!
You die...

..######.# ..####
#.# .....# #.#
..##.# #.# ..##.#
#.# ..##.###.#
.###.....#########
.# #...........O.#
.# #.###.[.#####@#
.# #.# #.#.# #.#
.###.###.#.# #.#
.#.......#.# #.#
.#########.# #.#
....†....#.# #.#
########.#.# #.#
########.#.# #.#
.......#.#.#####.###


You could see an ogre (confused).

Vanquished Creatures
  Jessica (D:2)
  2 adders (D:2)
  A worm (D:2)
  4 dart slugs
  A leopard gecko (D:1)
  A ball python (D:1)
  5 giant cockroaches
  4 goblins
  3 hobgoblins
  2 jackals (D:1)
  3 kobolds
  A quokka (D:2)
  5 bats
  A frilled lizard (D:1)
  5 rats
39 creatures vanquished.

Vanquished Creatures (others)
  14 plants (D:1)
14 creatures vanquished.

Grand Total: 53 creatures vanquished

Notes
Turn   | Place    | Note
-------+----------+-------------------------------------------
     0 | D:1      | roke1 the Spriggan Enchanter began the quest for the Orb.
     0 | D:1      | Reached XP level 1. HP: 9/9 MP: 5/5
  1160 | D:1      | Reached XP level 2. HP: 7/14 MP: 4/6
  1182 | D:1      | Learned a level 2 spell: Ensorcelled Hibernation
  2242 | D:2      | Reached XP level 3. HP: 17/17 MP: 8/8
  2684 | D:2      | Learned a level 3 spell: Confusing Touch
  2734 | D:2      | Reached skill level 5 in Stealth
  2786 | D:2      | Noticed Jessica
  2792 | D:2      | Killed Jessica
  2793 | D:2      | Reached skill level 1 in Fighting
  2793 | D:2      | Reached XP level 4. HP: 22/22 MP: 9/9
  3270 | D:2      | Noticed an ogre
  3308 | D:2      | Mangled by an ogre

Illustrated notes

Levels and vault maps discovered:
D:1:      denvon_arrival_planthouse, layout_loops_ring, serial_bayou_ford_a,
          minmay_misc_feat_four_crosses
D:2:      layout_basic, hangedman_abyss_or_decor_lesser_grid,
          kennysheep_jessica_study, uniq_jessica

Skill      XL: |  1  2  3 |
---------------+----------+-----
Hexes          | 4 |  4.8
Spellcasting   | 3 |  3.2
Stealth        | 5 |  5.1
Fighting       | 1 |  1.0
Short Blades   | |  1.1
Dodging        | |  3.9

Action                   |  1- 3 |  4- 6 || total
-------------------------+-------+-------++-------
Melee: Dagger            |    85 |    36 ||   121
 Cast: Corona            |     5 |       ||     5
       Ensorcelled Hiber |    21 |    10 ||    31
       Confusing Touch   |       |     1 ||     1
 Stab: Sleeping          |    20 |     6 ||    26
Armor: Robe              |     3 |     2 ||     5
Dodge: Dodged            |    59 |    27 ||    86
